 Dungeon Crawl Stone Soup version 0.30-b1-2-g02819fbbbe (webtiles) character file.

Game seed: 10250297458695193193

559379 VincentAMV the Conqueror (level 26, -40/193 HPs)
             Began as a Gargoyle Fighter on May 30, 2023.
             Was the Champion of the Shining One.
             Killed from afar by an orb of fire (72 damage)
             ... with a fireball
             ... on level 5 of the Realm of Zot on May 31, 2023.
             The game lasted 03:31:42 (60260 turns).

VincentAMV the Conqueror (Gargoyle Fighter)        Turns: 60260, Time: 03:31:43

Health: -40/193    AC: 63    Str: 29    XL:     26   Next: 58%
Magic:  30/30      EV:  8    Int: 21    God:    the Shining One [******]
Gold:   3246       SH: 14    Dex: 13    Spells: 30/41 levels left

rFire   . . .        a - +9 eveningstar (freeze)
rCold   + + .        A - +0 kite shield {reflect}
rNeg    + + +        r - +8 gold dragon scales
rPois   ∞            I - +2 helmet {Int+3}
rElec   +            Z - +2 cloak {Will+}
rCorr   .            R - +0 pair of gloves
SInv    .            q - +1 pair of boots of the Shining One's Envy {Dex+4}
Will    +++++        L - amulet of the Four Winds {rN+ Will+++ Clar} Stlth
                     B - ring of protection from fire
HPRegen 0.52/turn    D - ring of No Interval {rC+ Int+6}
MPRegen 0.22/turn

%: reflection, clarity
@: flying, glowing
A: sickness immunity, AC +20, big wings, negative energy resistance 1,
electricity resistance, torment resistance 1, petrification resistance, berserk
2, low MP 2, screaming 1, heat vulnerability 2, devolution 1
}: 3/15 runes: decaying, silver, gossamer
a: Renounce Religion, Divine Shield, Cleansing Flame, Summon Divine Warrior


You were on level 5 of the Realm of Zot.
You worshipped the Shining One.
The Shining One was exalted by your worship.
You visited 9 branches of the dungeon, and saw 45 of its levels.
You also visited: Bailey, Gauntlet, Ice Cave and Volcano.

You collected 8730 gold pieces.
You spent 5484 gold pieces at shops.

Inventory:

Hand Weapons
 a - a +9 eveningstar of freezing (weapon)
 b - a +9 sacred scourge of holy wrath
 c - the +8 frozen axe "Frostbite" {freeze, freezing cloud, *Noise Fly rC+}
   (You took it off a fire giant on level 1 of the Depths)

   rC:        It protects you from cold.
   Fly:       It grants you flight.
   *Noise:    It may make noises in combat.
Missiles
 s - 8 silver javelins
 S - 9 throwing nets (quivered)
Armour
 q - the +1 pair of boots of the Shining One's Envy (worn) {Dex+4}
   (You found it in a Gauntlet)

   Dex:       It affects your dexterity (+4).
 r - +8 gold dragon scales (worn)
 A - a +0 kite shield of reflection (worn)
 I - a +2 helmet of intelligence (worn)
 R - a +0 pair of gloves (worn)
 Z - a +2 cloak of willpower (worn)
Jewellery
 B - a ring of protection from fire (left hand)
 C - an amulet of regeneration
 D - the ring of No Interval (right hand) {rC+ Int+6}
   (You bought it in a shop on level 2 of the Orcish Mines)

   [ring of intelligence]

   Int:       It affects your intelligence (+6).
   rC:        It protects you from cold.
 E - a +5 ring of evasion
 F - a +4 ring of slaying
 G - the ring of Plog {rC+ rN+ rCorr Int-5 Dex+4}
   (You found it in an ice cave)

   [ring of protection from cold]

   Int:       It affects your intelligence (-5).
   Dex:       It affects your dexterity (+4).
   rC:        It protects you from cold.
   rN:        It protects you from negative energy.
   rCorr:     It protects you from acid and corrosion.
 L - the amulet of the Four Winds (around neck) {rN+ Will+++ Clar}
   (You bought it in a shop on level 3 of the Depths)

   [amulet of nothing]

   rN:        It protects you from negative energy.
   Clar:      It protects you from confusion, rage, mesmerisation and fear.
   Will:      It greatly increases your willpower.
Wands
 g - a wand of quicksilver (37)
 l - a wand of polymorph (31)
 n - a wand of charming (61)
 t - a wand of digging (4)
 y - a wand of roots (64)
 K - a wand of mindburst (49)
 N - a wand of flame (52)
Scrolls
 d - 2 scrolls of teleportation
 e - a scroll of blinking
 f - 11 scrolls of fog
 v - 6 scrolls of poison
 w - 2 scrolls of magic mapping
 H - 13 scrolls of amnesia
 O - 7 scrolls of fear
 U - 4 scrolls of butterflies
Potions
 m - a potion of berserk rage
 u - a potion of resistance
 z - 11 potions of haste
 J - 11 potions of curing
 P - 4 potions of cancellation
 V - 7 potions of might
 W - 13 potions of mutation
 Y - 10 potions of ambrosia
Miscellaneous
 Q - a piece from Xom's chessboard (15/15)


   Skills:
 O Level 27 Fighting
 - Level 0.1(0.6) Short Blades
 - Level 1.1 Long Blades
 * Level 13.0(15.8) Axes
 - Level 16.0(18.1) Maces & Flails
 - Level 0.6(8.3) Polearms
 - Level 1.3 Ranged Weapons
 - Level 20.0 Armour
 - Level 5.0 Dodging
 + Level 18.8 Shields
 + Level 8.0 Spellcasting
 - Level 0.1 Conjurations
 + Level 6.0 Hexes
 + Level 0.5 Summonings
 - Level 0.1 Necromancy
 + Level 6.0 Translocations
 + Level 0.2 Transmutations
 - Level 0.6 Fire Magic
 - Level 0.3 Ice Magic
 - Level 0.4 Air Magic
 - Level 8.0 Earth Magic
 - Level 0.9 Poison Magic
 - Level 21.0 Invocations


You had 30 spell levels left.
You knew the following spells:

 Your Spells              Type           Power      Damage    Failure   Level
a - Slow                  Hex            100%       N/A       9%          1
b - Lesser Beckoning      Tloc           66%        N/A       14%         2
c - Teleport Other        Tloc           33%        N/A       26%         3
d - Passwall              Tmut/Erth      20%        N/A       30%         2
e - Blink                 Tloc           66%        N/A       14%         2
f - Apportation           Tloc           66%        N/A       9%          1

Your spell library contained the following spells:

 Spells                   Type           Power      Damage    Failure   Level
 Gell's Gravitas          Tloc           33%        N/A       26%         3
 Portal Projectile        Hex/Tloc       66%        N/A       26%         3
 Momentum Strike          Conj/Tloc      42%        3d9       43%         2
 Leda's Liquefaction      Hex/Erth       18%        N/A       52%         4
 Inner Flame              Hex/Fire       22%        N/A       63%         3
 Volatile Blastmotes      Fire/Tloc      44%        2d13      63%         3
 Summon Small Mammal      Summ           40%        N/A       65%         1
 Vhi's Electric Charge    Tloc/Air       42%        N/A       65%         3
 Cause Fear               Hex            16%        N/A       65%         4
 Shock                    Conj/Air       36%        1d5       67%         1
 Dazzling Flash           Conj/Hex       42%        N/A       67%         3
 Beastly Appendage        Tmut           18%        N/A       69%         1
 Kiss of Death            Conj/Necr      32%        2d7       71%         1
 Necrotise                Necr           32%        1d5       71%         1
 Static Discharge         Conj/Air       18%        2-3/arc   82%         2
 Wereblood                Tmut           9%         N/A       83%         2
 Petrify                  Tmut/Erth      25%        N/A       89%         4
 Spider Form              Tmut/Pois      10%        N/A       94%         3
 Call Canine Familiar     Summ           10%        N/A       95%         3
 Ozocubu's Armour         Ice            9%         N/A       95%         3
 Swiftness                Air            10%        N/A       95%         3
 Hailstorm                Conj/Ice       9%         3d4       96%         3
 Anguish                  Hex/Necr       10%        N/A       97%         4
 Fulminant Prism          Conj/Hex       10%        3d8       97%         4
 Iskenderun's Mystic Bla  Conj/Tloc      21%        2d6       97%         4
 Borgnjor's Vile Clutch   Necr/Erth      12%        N/A       99%         5
 Airstrike                Air            5%         2d(1-17)  100%        4
 Animate Dead             Necr           8%         N/A       100%        4
 Ice Form                 Ice/Tmut       9%         N/A       100%        4
 Olgreb's Toxic Radiance  Pois           12%        N/A       100%        4
 Summon Lightning Spire   Summ/Air       10%        N/A       100%        4
 Alistair's Intoxication  Tmut/Pois      6%         N/A       100%        5
 Arcjolt                  Conj/Air       4%         1d14      100%        5
 Blade Hands              Tmut           4%         N/A       100%        5
 Irradiate                Conj/Tmut      4%         3d13      100%        5
 Iskenderun's Battlesphe  Conj           9%         2d6       100%        5
 Metabolic Englaciation   Hex/Ice        10%        N/A       100%        5
 Yara's Violent Unravell  Hex/Tmut       10%        3d6       100%        5
 Conjure Ball Lightning   Conj/Air       4%         3x3d6     100%        6
 Dispersal                Tloc           16%        N/A       100%        6
 Eringya's Noxious Bog    Tmut/Pois      5%         N/A       100%        6
 Iron Shot                Conj/Erth      12%        9d3       100%        6
 Plasma Beam              Fire/Air       5%         2x1d17    100%        6
 Simulacrum               Ice/Necr       4%         N/A       100%        6
 Starburst                Conj/Fire      5%         6d4       100%        6
 Summon Cactus Giant      Summ           5%         N/A       100%        6
 Dragon Form              Tmut           4%         N/A       100%        7
 Enfeeble                 Hex            16%        N/A       100%        7
 Haunt                    Necr/Summ      4%         N/A       100%        7
 Ozocubu's Refrigeration  Ice            4%         4d8       100%        7
 Spellforged Servitor     Conj/Summ      4%         N/A       100%        7
 Summon Hydra             Summ           5%         N/A       100%        7
 Discord                  Hex            16%        N/A       100%        8
 Ignition                 Fire           5%         3d4       100%        8
 Infestation              Necr           4%         N/A       100%        8
 Lehudib's Crystal Spear  Conj/Erth      12%        10d4      100%        8
 Maxwell's Capacitive Co  Air            5%         ∞         100%        8
 Fire Storm               Conj/Fire      5%         8d1       100%        9
 Polar Vortex             Ice            4%         N/A       100%        9
 Sublimation of Blood     Necr           Unusable   N/A       N/A         2
 Statue Form              Tmut/Erth      Unusable   N/A       N/A         6

Dungeon Overview and Level Annotations

Branches:
Dungeon (15/15)            Temple (1/1) D:7            Lair (5/5) D:10
  Swamp (4/4) Lair:3       Spider (4/4) Lair:2        Slime (0/5) Lair:4
    Orc (2/2) D:12            Elf (0/3) Orc:2        Vaults (5/5) D:13
  Crypt (0/3) Vaults:2     Depths (4/4) D:15            Zot (5/5) Depths:4
 Bailey (visited)           IceCv (visited)         Volcano (visited)
Gauntlet (visited)

Altars:
Ashenzari
Cheibriados
Dithmenos
Elyvilon
Fedhas
Gozag
Hepliaklqana
Kikubaaqudgha
Makhleb
Nemelex Xobeh
Okawaru
Qazlal
Ru
Sif Muna
Trog
Uskayaw
Vehumet
Wu Jian
Xom
Yredelemnul
Zin
The Shining One
Jiyva
Lugonu

Shops:
D:4 ?   D:5 =   D:8 ?[*(   Orc:2 ([(*=   Depths:3 (*(=

Portals:
Hell: Depths:1 Depths:2 Depths:3 Depths:4
Abyss: Lair:5 Depths:1 Depths:3 Depths:4
Pandemonium: Depths:1 Depths:2 Depths:3 Depths:4
Ziggurat: Depths:2
Trove: D:13 (show slimy rune of Zot)

Annotations:
D:9 3 runed translucent doors
D:15 2 transporters, Vuirau's ghost, journeyman DsGl
Depths:4 1 runed translucent door
Zot:3 1 exclusion


Innate Abilities, Weirdness & Mutations

You are immune to sickness and miasma.
Your stone body is resilient. (AC +20)
You are immune to poison.
Your large and strong wings let you fly.
You resist negative energy. (rN+)
You are resistant to electric shocks. (rElec)
You are resistant to unholy torment.
You are immune to petrification.
You have an uncontrollable temper.
Your magical capacity is very low. (-20% MP)
You occasionally shout uncontrollably at your foes.
You are very vulnerable to heat. (rF--)
You have hidden genetic defects.


Message History

You freeze the tentacled monstrosity.
The tentacled monstrosity is heavily wounded.
The orb of fire emits a lurid red light.
Strange energies course through your body.
You feel vulnerable to heat.
The tentacled monstrosity tentacle-slaps you but does no damage.
You block the tentacled monstrosity's attack. x2
The tentacled monstrosity constricts you.
You impale the tentacled monstrosity!! You freeze the tentacled monstrosity.
The tentacled monstrosity is severely wounded.
You bludgeon the tentacled monstrosity!!
You freeze the tentacled monstrosity.
The tentacled monstrosity is almost dead.
The orb of fire emits a lurid red light.
The bolt of fire hits you!!!
The tentacled monstrosity tentacle-slaps you!
You block the tentacled monstrosity's attack. x2
The tentacled monstrosity constricts you.
The orb of fire emits a lurid red light.
The bolt of fire hits you!!!
* * * LOW HITPOINT WARNING * * *
You stick the tentacled monstrosity like a pincushion!!!
You freeze the tentacled monstrosity.
You kill the tentacled monstrosity!
The Shining One accepts your kill.
You feel better.
The orb of fire glows yellow.
The bolt of fire hits the orb of fire.
The orb of fire completely resists.
The bolt of fire misses you.
The orb of fire glows red.
The fireball explodes!
The fireball engulfs the orb of fire.
The orb of fire completely resists.
The fireball engulfs the orb of fire.
The orb of fire completely resists.
The fireball engulfs you!!
* * * LOW HITPOINT WARNING * * *
You hear a shout!
The orb of fire glows red.
The fireball explodes!
The fireball engulfs the orb of fire.
The orb of fire completely resists.
The fireball engulfs the orb of fire.
The orb of fire completely resists.
The fireball engulfs you!!!!
You die...

.....^......# #########...######
........#.#......#
........#.######.### .##''##.#.#
#.#.## .#....#.'.# #....##
.#:...#.'.# ##.....#
.##''##.#.#####......## ########
.)......#......*@.⌠...####......#
..^.....#......*.................
#########..#.........#####.......
..........#........*## ##........
.[..⌠..###..*.......# ##........#
#..#...###..........###..########
#.#...###............##.##
.##...##................#
#*#...#.................### ##


You could see 4 orbs of fire.

Vanquished Creatures
  A dread lich (Vaults:5)
  An ancient lich (Zot:5)
  2 orbs of fire (Zot:4)
  3 juggernauts (Depths:3)
  2 Killer Klowns
  Vv (Depths:4)
  Margery (Vaults:3)
  5 caustic shrikes
  A curse toe (Zot:4)
  19 golden dragons
  Nikola (D:13)
  2 doom hounds (Depths:4)
  2 bone dragons (Depths:4)
  Jorgrun (D:13)
  Rupert (D:15)
  A walking crystal tome (Zot:3)
  19 tentacled monstrosities
  An Ice Fiend (IceCv)
  7 Orb Guardians (Zot:5)
  A walking earthen tome (Zot:3)
  5 liches
  4 titans
  Asterion (Vaults:3)
  Grunn (Depths:4)
  A walking divine tome (Depths:2)
  4 quicksilver dragons
  3 sphinxes
  7 death cobs
  15 shadow dragons
  An ancient champion (Vaults:2)
  17 storm dragons
  Kirke (D:15)
  19 tengu reavers
  Donald (Vaults:1)
  2 thorn hunters
  7 frost giants
  3 narguns (Zot:3)
  4 draconian monks
  6 fenstrider witches
  5 draconian knights
  6 draconian scorchers
  13 fire giants
  13 vault wardens
  2 iron dragons
  A balrug (Depths:3)
  4 emperor scorpions
  6 ghost moths
  Louise (Swamp:3)
  8 draconian annihilators
  2 orc warlords
  13 stone giants
  A draconian stormcaller (Zot:5)
  6 draconian shifters
  4 spriggan defenders
  A cacodemon (Depths:2)
  2 war gargoyles
  21 ironbound preservers
  A broodmother (Spider:2)
  24 very ugly things
  7 ironbound thunderhulks
  7 green draconians
  4 vampire knights
  The ghost of Fifowuza the Grappler, a journeyman DrTm of Wu Jian (Lair:4)
  Nessos (Lair:3)
  7 black draconians
  11 bunyips
  A deep elf annihilator (Vaults:5)
  An eleionoma (Swamp:4)
  3 deep elf demonologists
  17 red draconians
  4 purple draconians
  7 yellow draconians
  8 spark wasps
  8 white draconians
  A minotaur (Gauntlet)
  12 dire elephants
  2 crystal guardians
  A deep elf death mage (Vaults:5)
  13 ettins
  A blizzard demon (Swamp:4)
  12 fire dragons
  A green death (Swamp:4)
  Snorg (D:10)
  16 yaktaur captains
  4 deep elf high priests
  Josephine (Lair:3)
  A merfolk impaler (Depths:4)
  2 shambling mangroves
  5 great orbs of eyes
  39 vault guards
  3 ghost crabs
  7 ice dragons
  3 entropy weavers
  2 peacekeepers
  8 hydras
  2 jorogumos
  6 ogre magi
  3 spriggan air magi
  4 merfolk avatars (Swamp:4)
  5 ironbound frosthearts
  11 alligators
  2 radroaches (Spider:2)
  18 centaur warriors
  8 boulder beetles
  A two-headed ogre (shapeshifter) (Depths:4)
  12 tengu warriors
  A catoblepas (Lair:4)
  6 two-headed ogres
  7 deep troll shamans
  5 spriggan berserkers
  9 deep troll earth magi
  A vampire mage (Vaults:2)
  2 hell hogs
  3 dancing weapons
  A shock serpent (shapeshifter) (Vaults:5)
  2 thrashing horrors (Lair:5)
  Urug (D:11)
  3 orc high priests
  3 soul eaters
  A sun demon (Depths:3)
  Sonja (D:12)
  19 hell knights
  Nergalle (D:10)
  2 salamander mystics
  11 pharaoh ants
  5 iron trolls
  A skyshark (shapeshifter) (Depths:3)
  A skyshark (Lair:5)
  4 skeletal warriors
  The ghost of Mesmaeker13 the Conjurer, a novice AtHW of Cheibriados (D:8)
  3 sixfirhies (Swamp:4)
  5 sun moths
  A death drake (Gauntlet)
  4 goliath frogs
  4 flayed ghosts
  8 spriggan druids
  3 swamp dragons
  45 deep trolls
  10 bog bodies
  An obsidian statue (IceCv)
  A swamp dragon (shapeshifter) (Vaults:3)
  8 orb spiders
  16 ironbound convokers
  An orange crystal statue (D:9)
  A lindwurm (Vaults:1)
  12 spriggan simulacra
  A steelbarb worm (shapeshifter) (Depths:1)
  4 glowing orange brains (Depths:3)
  6 steelbarb worms
  9 wizards
  4 phantasmal warriors
  A spectral wolf spider (Gauntlet)
  8 orc sorcerers
  7 necromancers
  3 deep elf pyromancers
  27 ugly things
  A mana viper (shapeshifter) (Depths:4)
  An oklob plant (Lair:5)
  A shining eye (shapeshifter) (Vaults:5)
  4 deep elf zephyrmancers
  6 orc knights
  A sphinx skeleton (Vaults:2)
  5 will-o-the-wisps
  7 salamanders
  18 wolf spiders
  27 moths of wrath
  6 manticores
  A spectral centaur (Gauntlet)
  12 cyclopes
  26 elephants
  A human skeleton (Vaults:2)
  14 vault sentinels
  A torpor snail (shapeshifter) (Vaults:5)
  4 centaur zombies
  4 orange demons
  The ghost of craig the Slasher, a novice MiFi (D:6)
  5 torpor snails
  4 black mambas
  16 cane toads
  4 gargoyles
  6 smoke demons
  7 demonic crawlers
  11 komodo dragons
  Psyche (D:8)
  2 rime drakes
  5 tengu conjurers
  40 yaktaurs
  2 tormentors
  4 efreet
  5 freezing wraiths
  3 kobold demonologists
  An anaconda simulacrum (Swamp:4)
  2 ancient zymes (Lair:5)
  A golden dragon simulacrum (IceCv)
  A wind drake (shapeshifter) (Lair:5)
  13 ice devils
  5 hellwings
  11 trolls
  8 polar bears
  4 tyrant leeches
  A bloated husk (Swamp:4)
  11 meliai
  2 queen bees
  28 tarantellas
  26 hornets
  31 blink frogs
  A dream sheep (shapeshifter) (Vaults:5)
  Grinder (D:3)
  4 dream sheep (Lair:4)
  37 slime creatures
  6 water elementals (Depths:4)
  3 shadows
  A centaur simulacrum (D:15)
  12 culicivoras
  Sigmund (D:3)
  30 jumping spiders
  25 spriggans
  9 wyverns
  3 dire elephant simulacra (IceCv)
  A fire elemental (Depths:3)
  A large abomination (Lair:5)
  8 wraiths
  2 ynoxinuls
  2 humans (D:9)
  A yak (shapeshifter) (D:15)
  4 fire bats (Gauntlet)
  3 hogs (D:15)
  42 yaks
  5 basilisks
  4 chaos spawn
  2 steam dragons (D:8)
  40 redbacks
  12 minotaur simulacra
  A neqoxec (Depths:2)
  A golden eye (shapeshifter) (D:14)
  10 vampire mosquitoes
  13 swamp worms
  5 wargs
  A harpy simulacrum (IceCv)
  Edmund (D:4)
  A swamp worm (shapeshifter) (D:11)
  17 water moccasins
  A water moccasin (shapeshifter) (Vaults:5)
  2 acid dragons (D:11)
  3 hell hounds (Gauntlet)
  A floating eye (Depths:4)
  A meliai simulacrum (D:11)
  Duvessa (D:5)
  3 black bears
  3 hydra simulacra (IceCv)
  31 orc warriors
  4 sky beasts
  An alligator simulacrum (IceCv)
  5 ice beasts
  10 ogres
  10 wolves
  15 centaurs
  2 phantoms (D:6)
  5 kobold brigands
  12 bullfrogs
  Blork the orc (D:6)
  8 deep troll simulacra
  5 scorpions
  8 gnoll sergeants
  11 wights
  Dowan (D:5)
  10 small abominations (Lair:5)
  2 lindwurm simulacra (IceCv)
  26 killer bees
  An electric eel (Lair:3)
  The ghost of GrindonB the Sneak, a weakling OpVM of Zin (D:3)
  8 howler monkeys
  5 hounds
  4 jellies
  An iron imp (D:5)
  4 sleepcaps
  23 orc priests
  4 iguanas
  6 gnoll boudas
  Natasha (thrice) (D:4)
  25 orc wizards
  10 hell rats
  23 gnolls
  12 adders
  3 shadow imps
  4 worms
  83 orcs
  5 ball pythons
  3 bats
  5 endoplasms
  4 giant cockroaches
  5 goblins
  6 hobgoblins
  2 jackals (D:1)
  18 kobolds
  4 quokkas
  4 frilled lizards
  2 hobgoblin zombies (D:5)
  A kobold skeleton (D:5)
  2 kobold zombies (D:5)
  4 orc skeletons (D:5)
  An orc zombie (D:5)
  5 rats
  2 briar patches (Swamp:4)
  2 spectral weapons (Swamp:1)
2074 creatures vanquished.

Vanquished Creatures (collateral kills)
  A walking frostbound tome (Zot:3)
  2 narguns (Zot:3)
3 creatures vanquished.

Vanquished Creatures (others)
  A fire giant (Depths:3)
  A spriggan (Swamp:4)
  A spriggan druid (Swamp:1)
  An orb spider (Spider:4)
  5 bloated husks
  A meliai (Spider:3)
  2 hornets
  A tyrant leech (Swamp:2)
  A ynoxinul (Lair:5)
  2 swamp worms
  An orc warrior (Orc:2)
  An orc wizard (Orc:2)
  A kobold (D:8)
  3 briar patches (Swamp:2)
  4 demonic plants (Gauntlet)
  19 foxfires
  12 fungi
  34 plants
91 creatures vanquished.

Grand Total: 2168 creatures vanquished

Notes
Turn   | Place    | Note
-------+----------+-------------------------------------------
     0 | D:1      | VincentAMV the Gargoyle Fighter began the quest for the
                  | Orb.
     0 | D:1      | Reached XP level 1. HP: 14/14 MP: 1/1
   133 | D:1      | Reached XP level 2. HP: 15/19 MP: 2/2
   625 | D:2      | Reached XP level 3. HP: 24/24 MP: 3/3
   750 | D:2      | Found a faded altar of an unknown god.
   761 | D:2      | Reached XP level 4. HP: 29/29 MP: 4/4
  1133 | D:2      | Reached skill level 4 in Fighting
  1299 | D:3      | Noticed Sigmund
  1574 | D:3      | Found an ancient bone altar of Kikubaaqudgha.
  1640 | D:3      | Reached XP level 5. HP: 8/33 MP: 5/5
  1821 | D:3      | Found a large runed translucent door.
  1822 | D:3      | Found a large runed translucent door.
  1829 | D:3      | Noticed GrindonB's ghost (weakling OpVM)
  1948 | D:3      | Noticed Grinder
  1985 | D:3      | Paralysed by Grinder for 4 turns
  1992 | D:3      | Paralysed by Grinder for 2 turns
  2005 | D:3      | Killed Grinder
  2006 | D:3      | Reached skill level 5 in Maces & Flails
  2006 | D:3      | Reached XP level 6. HP: 39/39 MP: 6/6
  2239 | D:3      | Killed Sigmund
  2240 | D:3      | Reached skill level 1 in Dodging
  2240 | D:3      | Reached XP level 7. HP: 36/44 MP: 7/7
  2589 | D:3      | Killed GrindonB's ghost
  2647 | D:4      | Found Pycwiych's Magic Scroll Boutique.
  2668 | D:4      | Bought a scroll of teleportation for 42 gold pieces
  2927 | D:4      | Noticed Edmund
  2992 | D:4      | Killed Edmund
  3183 | D:4      | Noticed Natasha
  3187 | D:4      | Killed Natasha
  3220 | D:4      | Reached skill level 5 in Fighting
  3278 | D:4      | Noticed Natasha
  3286 | D:4      | Killed Natasha
  3578 | D:5      | Entered Level 5 of the Dungeon
  3583 | D:5      | Reached XP level 8. HP: 49/49 MP: 8/8
  3587 | D:5      | Found a stormy altar of Qazlal.
  3739 | D:5      | Found a glowing golden altar of the Shining One.
  3768 | D:5      | Became a worshipper of the Shining One
  3860 | D:5      | Noticed Dowan
  3880 | D:5      | Killed Dowan
  3888 | D:5      | Noticed Duvessa
  3899 | D:5      | Killed Duvessa
  4029 | D:5      | Found a blossoming altar of Fedhas.
  4125 | D:5      | Found Ezowosaz's Jewellery Shoppe.
  4328 | D:6      | Noticed Blork the orc
  4351 | D:6      | Killed Blork the orc
  4359 | D:6      | Reached skill level 6 in Fighting
  4474 | D:6      | Found a sparkling altar of Nemelex Xobeh.
  4516 | D:6      | Reached skill level 5 in Armour
  4581 | D:6      | Reached XP level 9. HP: 55/55 MP: 9/9
  4589 | D:6      | Found a burning altar of Makhleb.
  4621 | D:6      | Noticed a kobold demonologist
  4634 | D:6      | Noticed a hellwing
  4635 | D:6      | Killed a kobold demonologist
  4636 | D:6      | Reached skill level 10 in Maces & Flails
  4646 | D:6      | Found a shimmering altar of Xom.
  4675 | D:6      | Found a sacrificial altar of Ru.
  4750 | D:6      | Reached skill level 7 in Fighting
  4795 | D:6      | Found a bloodstained altar of Trog.
  5215 | D:6      | Found a runed translucent door.
  5215 | D:6      | Noticed craig's ghost (novice MiFi)
  5215 | D:6      | Reached * piety under the Shining One
  5426 | D:6      | Found a shadowy altar of Dithmenos.
  5546 | D:6      | Killed craig's ghost
  5786 | D:7      | Reached XP level 10. HP: 58/63 MP: 10/10
  6293 | D:7      | Found a staircase to the Ecumenical Temple.
  6341 | Temple   | Entered the Ecumenical Temple
  6486 | D:7      | Reached skill level 5 in Shields
  6561 | D:7      | Found an ornate altar of the Wu Jian Council.
  6637 | D:8      | Found Fod Zuma's Magic Scroll Shoppe.
  6645 | D:8      | Bought a scroll of identify for 30 gold pieces
  6645 | D:8      | Bought a scroll of magic mapping for 112 gold pieces
  6661 | D:8      | Found Xiasu's Antique Armour Boutique.
  6661 | D:8      | Noticed Psyche
  6671 | D:8      | Killed Psyche
  6777 | D:8      | Found Huwis's Assorted Antiques.
  6786 | D:8      | Bought a scroll of identify for 66 gold pieces
  6787 | D:8      | Reached skill level 10 in Fighting
  6787 | D:8      | Reached XP level 11. HP: 73/73 MP: 10/14
  6860 | D:8      | Noticed a cyclops
  6873 | D:8      | Noticed an ogre mage
  6894 | D:8      | Killed an ogre mage
  6905 | D:8      | Killed a cyclops
  6906 | D:8      | Reached skill level 5 in Invocations
  7115 | D:8      | Reached ** piety under the Shining One
  7147 | D:8      | Found Ipyneywk's Weapon Shoppe.
  7205 | D:8      | Found Rotatonk's Distillery.
  7265 | D:8      | Found a transporter.
  7276 | D:8      | Noticed Mesmaeker13's ghost (novice AtHW)
  7279 | D:8      | Noticed a cyclops
  7285 | D:8      | Found a transporter.
  7286 | D:8      | Noticed a manticore
  7558 | D:9      | Found an iron altar of Okawaru.
  7611 | D:9      | Reached XP level 12. HP: 73/79 MP: 16/16
  7640 | D:9      | Found a runed translucent door.
  7679 | D:9      | Found a runed translucent door.
  7702 | D:9      | Found a runed translucent door.
  7714 | D:9      | Found a runed translucent door.
  7783 | D:9      | Found a shimmering blue altar of Sif Muna.
  8116 | D:9      | Reached skill level 15 in Maces & Flails
  8437 | D:4      | Bought a scroll of teleportation for 42 gold pieces
  8437 | D:4      | Bought a scroll of magic mapping for 105 gold pieces
  8561 | D:8      | Bought an orange potion for 29 gold pieces
  8561 | D:8      | Bought a scroll labelled LAAMUH AHYUPLI for 33 gold pieces
  8630 | D:8      | Reached skill level 11 in Fighting
  8664 | D:8      | Killed Mesmaeker13's ghost
  8818 | D:10     | Entered Level 10 of the Dungeon
  8818 | D:10     | Noticed Snorg
  8832 | D:10     | Killed Snorg
  8907 | D:10     | Found a flagged portal.
  8926 | Bailey   | Entered a bailey
  9100 | Bailey   | Reached *** piety under the Shining One
  9321 | Bailey   | Got Vehumet's Catalogue of Violence
  9322 | Bailey   | Identified the +0 robe of Ammoso {-Tele Str+8 SInv}
  9405 | D:10     | Noticed Nergalle
  9603 | D:10     | Killed Nergalle
  9763 | D:10     | Found a white marble altar of Elyvilon.
  9892 | D:10     | Found a staircase to the Lair.
  9910 | D:10     | Found a hide-covered altar of Uskayaw.
 10111 | D:11     | Noticed a boulder beetle
 10114 | D:11     | Noticed a boulder beetle
 10138 | D:10     | Killed a boulder beetle
 10174 | D:10     | Killed a boulder beetle
 10276 | D:11     | Noticed a two-headed ogre
 10289 | D:11     | Killed a two-headed ogre
 10290 | D:11     | Reached skill level 12 in Fighting
 10302 | D:11     | Reached XP level 13. HP: 77/86 MP: 18/18
 10542 | D:11     | Reached **** piety under the Shining One
 10567 | D:11     | Identified the +3 broad axe of Ukiregej {venom, rPois
                  | Int+2}
 10724 | D:11     | Identified the +8 scimitar of the Soothsayer {freeze, rF+
                  | rCorr}
 10746 | D:11     | Reached skill level 13 in Fighting
 11620 | D:8      | Bought a spiked chain mail for 313 gold pieces
 11620 | D:8      | Identified the +6 chain mail of Ofulim {Contam +Inv Regen+}
                  | (You bought it in a shop on level 8 of the Dungeon)
 11725 | Lair:1   | Entered Level 1 of the Lair of Beasts
 12073 | Lair:1   | Reached skill level 14 in Fighting
 12676 | Lair:2   | Gained mutation: Your large and strong wings let you fly.
                  | [Gargoyle growth]
 12676 | Lair:2   | Reached XP level 14. HP: 96/96 MP: 20/20
 12732 | Lair:2   | Reached skill level 15 in Fighting
 12753 | Lair:2   | Reached ***** piety under the Shining One
 13059 | Lair:2   | Found a hole to the Spider Nest.
 13470 | Lair:3   | Noticed Josephine
 13484 | Lair:3   | Killed Josephine
 13502 | Lair:3   | Reached skill level 1 in Ranged Weapons
 13532 | Lair:3   | Found a dark tunnel.
 13537 | Volcano  | Entered a volcano
 13556 | Volcano  | Found a bloodstained altar of Trog.
 13565 | Volcano  | Reached skill level 10 in Invocations
 13737 | Lair:3   | Found a gate leading to a gauntlet.
 13780 | Lair:3   | Reached skill level 1 in Long Blades
 13800 | Gauntlet | Entered a Gauntlet
 13800 | Gauntlet | Found a transporter.
 13800 | Gauntlet | Found a transporter.
 13808 | Gauntlet | Found a transporter.
 13821 | Gauntlet | Found a transporter.
 13839 | Gauntlet | Found a transporter.
 13839 | Gauntlet | Found a transporter.
 13839 | Gauntlet | Found a transporter.
 13842 | Gauntlet | Found a transporter.
 13842 | Gauntlet | Found a transporter.
 13856 | Gauntlet | Found a transporter.
 13873 | Gauntlet | Found a runed translucent door.
 13874 | Gauntlet | Found a transporter.
 13875 | Gauntlet | Found a runed translucent door.
 13884 | Gauntlet | Found a transporter.
 13886 | Gauntlet | Found the amulet of the Air {Inacc Air Fly rElec RMsl}
 13887 | Gauntlet | Noticed a balrug
 13901 | Gauntlet | Found a transporter.
 13919 | Gauntlet | Found a transporter.
 13986 | Gauntlet | Reached skill level 1 in Earth Magic
 13998 | Gauntlet | Identified the +0 cloak of Alueb {rElec}
 14054 | Gauntlet | Identified the +1 pair of boots of the Shining One's Envy
                  | {Dex+4}
 14433 | Lair:3   | Noticed Nessos
 14451 | Lair:3   | Killed Nessos
 14467 | Lair:3   | Identified the +6 shortbow "Jidghaga" {heavy, rCorr SInv}
 14571 | Lair:3   | Identified the +3 ring mail "Fikiytyf" {Regen+ rCorr Dex+3}
 14585 | Lair:3   | Reached ****** piety under the Shining One
 14762 | Lair:3   | Found a staircase to the Swamp.
 15048 | Lair:3   | Reached skill level 16 in Fighting
 15187 | Lair:4   | Reached XP level 15. HP: 102/104 MP: 23/23
 15619 | Lair:4   | Found a staircase to the Slime Pits.
 15620 | Lair:4   | Found a viscous altar of Jiyva.
 15853 | Lair:4   | Found a runed translucent door.
 15854 | Lair:4   | Noticed Fifowuza's ghost (journeyman DrTm)
 15892 | Lair:4   | Killed Fifowuza's ghost
 15895 | Lair:4   | Got the Catalogue of Ill-starred Flesh
 16043 | Lair:4   | Learned a level 1 spell: Slow
 16045 | Lair:5   | Entered Level 5 of the Lair of Beasts
 16094 | Lair:5   | Reached skill level 17 in Fighting
 16750 | Lair:5   | Found a corrupted altar of Lugonu.
 16750 | Lair:5   | Found a one-way gate to the infinite horrors of the Abyss.
 16878 | Lair:5   | Reached skill level 18 in Fighting
 16878 | Lair:5   | Reached skill level 10 in Shields
 17659 | D:5      | Bought a ring of willpower for 325 gold pieces
 17703 | D:4      | Noticed Natasha
 17708 | D:4      | Killed Natasha
 17712 | D:4      | Bought a scroll of blinking for 105 gold pieces
 17872 | D:11     | Noticed Urug
 17880 | D:11     | Killed Urug
 18022 | D:12     | Noticed Sonja
 18043 | D:12     | Killed Sonja
 18094 | D:12     | Found a staircase to the Orcish Mines.
 18162 | D:12     | Reached XP level 16. HP: 116/116 MP: 24/24
 18816 | Orc:1    | Entered Level 1 of the Orcish Mines
 19010 | Orc:2    | Entered Level 2 of the Orcish Mines
 19031 | Orc:2    | Reached skill level 19 in Fighting
 19573 | Orc:2    | Found Apaahad's Weapon Boutique.
 19794 | Orc:2    | Found a staircase to the Elven Halls.
 19995 | Orc:2    | Found Qeogheschudgh's General Store.
 19996 | Orc:2    | Found Mejusch's Jewellery Shop.
 19998 | Orc:2    | Found Kiov Kow's Antique Armour Shop.
 19998 | Orc:2    | Found Saminob's Antique Weapon Boutique.
 20168 | Orc:2    | Bought a pair of embroidered boots for 187 gold pieces
 20168 | Orc:2    | Bought a pair of glowing boots for 187 gold pieces
 20536 | D:13     | Found a portal to a secret trove of treasure.
 20752 | D:13     | Found a gate to the Vaults.
 20801 | D:13     | Reached skill level 10 in Armour
 21023 | D:13     | Noticed Jorgrun
 21042 | D:13     | Killed Jorgrun
 21215 | D:13     | Reached skill level 20 in Fighting
 21694 | D:13     | Learned a level 2 spell: Lesser Beckoning
 21698 | D:13     | Learned a level 3 spell: Teleport Other
 21701 | D:13     | Learned a level 2 spell: Passwall
 22086 | D:14     | Identified the +3 ring mail "Yruawiukh" {Int+3}
 22118 | D:14     | Learned a level 2 spell: Blink
 22237 | D:15     | Entered Level 15 of the Dungeon
 22290 | D:15     | Reached skill level 1 in Translocations
 22330 | D:15     | Noticed Kirke
 22334 | D:15     | Noticed Rupert
 22342 | D:15     | Killed Kirke
 22343 | D:15     | Reached skill level 1 in Spellcasting
 22350 | D:15     | Killed Rupert
 22399 | D:15     | Reached XP level 17. HP: 114/125 MP: 25/25
 22623 | D:15     | Found a staircase to the Depths.
 22678 | D:15     | Found a transporter.
 22725 | D:15     | Found a transporter.
 22744 | D:15     | Got the Writings on the Discharge and the Retinue
 22751 | D:15     | Found a bloodstained altar of Trog.
 22751 | D:15     | Noticed Vuirau's ghost (journeyman DsGl)
 22769 | D:15     | Reached skill level 21 in Fighting
 23279 | D:15     | Identified a scroll of acquirement
 23303 | D:15     | Acquired 582 gold pieces
 23430 | Orc:2    | Bought the ring of No Interval {rC+ Int+6} for 850 gold
                  | pieces
 23695 | D:4      | Bought a scroll of blinking for 105 gold pieces
 23967 | Swamp:1  | Entered Level 1 of the Swamp
 24874 | Swamp:2  | Paralysed by a fenstrider witch for 4 turns
 24898 | Swamp:2  | Paralysed by a fenstrider witch for 4 turns
 25637 | Swamp:3  | Noticed Louise
 25646 | Swamp:3  | Noticed a tentacled monstrosity
 25655 | Swamp:3  | Killed Louise
 25664 | Swamp:3  | Killed a tentacled monstrosity
 25665 | Swamp:3  | Reached XP level 18. HP: 132/132 MP: 26/26
 26003 | Swamp:4  | Entered Level 4 of the Swamp
 26034 | Swamp:4  | Reached skill level 5 in Spellcasting
 26034 | Swamp:4  | Reached skill level 5 in Translocations
 26069 | Swamp:4  | Found a frozen archway.
 26096 | IceCv    | Entered an ice cave
 26536 | IceCv    | Noticed an Ice Fiend
 26545 | IceCv    | Killed an Ice Fiend
 26561 | IceCv    | Identified the ring of Plog {rC+ rN+ rCorr Int-5 Dex+4}
 26635 | IceCv    | Reached skill level 5 in Dodging
 27192 | Swamp:4  | Noticed a tentacled monstrosity
 27207 | Swamp:4  | Killed a tentacled monstrosity
 27612 | Swamp:4  | Paralysed by an orc sorcerer for 2 turns
 27640 | Swamp:4  | Got a decaying rune of Zot
 28048 | Spider:1 | Entered Level 1 of the Spider Nest
 28439 | Spider:1 | Reached XP level 19. HP: 132/137 MP: 29/29
 28998 | Spider:2 | You are sucked into a shaft and drop 1 floor!
 29010 | Spider:3 | Reached skill level 15 in Shields
 30605 | Spider:4 | Entered Level 4 of the Spider Nest
 30627 | Spider:4 | Reached skill level 15 in Invocations
 30844 | Spider:4 | Reached skill level 1 in Hexes
 31770 | Spider:4 | Reached skill level 5 in Earth Magic
 32131 | Spider:4 | Got a gossamer rune of Zot
 32445 | D:15     | Acquired 798 gold pieces
 32454 | Depths:1 | Entered Level 1 of the Depths
 32549 | D:15     | Reached skill level 5 in Hexes
 32624 | D:15     | Reached XP level 20. HP: 116/144 MP: 32/32
 32770 | Depths:1 | Found a one-way gate leading to the halls of Pandemonium.
 33271 | Depths:1 | Reached skill level 1 in Axes
 33450 | Depths:1 | Found a gateway to Hell.
 33678 | Depths:1 | Identified a +4 sacred scourge of holy wrath (a +2 heavy
                  | demon whip blessed by the Shining One)
 33678 | Depths:1 | Received a gift from the Shining One
 33911 | Depths:2 | Found a one-way gateway to a ziggurat.
 34668 | Depths:2 | Noticed a golden dragon
 35420 | Depths:2 | Killed a golden dragon
 35690 | Depths:2 | Reached XP level 21. HP: 96/150 MP: 33/33
 35956 | Depths:3 | Found a corrupted altar of Lugonu.
 36064 | Depths:3 | Reached skill level 22 in Fighting
 36475 | Depths:3 | Identified the +5 demon trident "Feexotez" {heavy, rElec
                  | Dex+2}
 36531 | Depths:3 | Noticed a golden dragon
 36545 | Depths:3 | Killed a golden dragon
 36554 | Depths:3 | Reached skill level 5 in Axes
 36586 | Depths:3 | Acquired 656 gold pieces
 36816 | Depths:3 | Noticed a caustic shrike
 36827 | Depths:3 | Killed a caustic shrike
 36853 | Depths:3 | Noticed a golden dragon
 36872 | Depths:3 | Killed a golden dragon
 36889 | Depths:3 | Noticed a juggernaut
 36898 | Depths:3 | Killed a juggernaut
 36949 | Depths:3 | Noticed a juggernaut
 36969 | Depths:3 | Killed a juggernaut
 37059 | Depths:3 | Noticed a golden dragon
 37060 | Depths:3 | Noticed a juggernaut
 37083 | Depths:3 | Killed a juggernaut
 37087 | Depths:3 | Killed a golden dragon
 37219 | Depths:3 | Found Ymoung's Weapon Shoppe.
 37219 | Depths:3 | Found Reyrgh's Weapon Shop.
 37220 | Depths:3 | Found Rotrioh's Jewellery Emporium.
 37220 | Depths:3 | Found Ysic's Assorted Antiques.
 37275 | Depths:3 | Reached skill level 23 in Fighting
 37660 | Depths:3 | Bought a scroll of enchant armour for 367 gold pieces
 37660 | Depths:3 | Bought a scroll of fear for 196 gold pieces
 37660 | Depths:3 | Bought a potion of haste for 490 gold pieces
 37660 | Depths:3 | Bought a runed helmet for 367 gold pieces
 37663 | Depths:3 | Bought the amulet of the Four Winds {rN+ Will+++ Clar} for
                  | 910 gold pieces
 37663 | Depths:3 | Found the amulet of the Four Winds {rN+ Will+++ Clar}
 37735 | Depths:3 | Reached XP level 22. HP: 137/160 MP: 34/34
 38213 | D:8      | Bought a potion of haste for 330 gold pieces
 38213 | D:8      | Bought a scroll of fog for 132 gold pieces
 38337 | D:4      | Bought a scroll of enchant armour for 105 gold pieces
 38337 | D:4      | Bought a scroll of butterflies for 56 gold pieces
 38624 | Depths:4 | Entered Level 4 of the Depths
 38708 | Depths:4 | Noticed a golden dragon
 38717 | Depths:4 | Killed a golden dragon
 39239 | Depths:4 | Reached skill level 15 in Armour
 39319 | Depths:4 | Noticed Grunn
 39672 | Depths:4 | Noticed a caustic shrike
 39676 | Depths:4 | Noticed a caustic shrike
 39682 | Depths:4 | Noticed a caustic shrike
 39685 | Depths:4 | Noticed a caustic shrike
 39931 | Vaults:1 | Entered Level 1 of the Vaults
 39972 | Vaults:1 | Noticed Nikola
 40191 | D:13     | Killed Nikola
 40753 | Vaults:1 | Noticed Donald
 40767 | Vaults:1 | Killed Donald
 42241 | Vaults:2 | Reached skill level 24 in Fighting
 42654 | Vaults:2 | Found a staircase to the Crypt.
 43060 | Vaults:2 | Reached XP level 23. HP: 145/167 MP: 35/35
 43168 | Vaults:2 | Identified the +4 demon whip of VincentAMV's Execution
                  | {flame, Str+3 Dex+3}
 43685 | Vaults:3 | Noticed Asterion
 43700 | Vaults:3 | Killed Asterion
 45096 | Vaults:3 | Noticed Margery
 45109 | Vaults:3 | Killed Margery
 46064 | Vaults:4 | Reached skill level 25 in Fighting
 46596 | Vaults:4 | Identified the staff of conjuration "Dist" {Str-4 Int+3
                  | Dex+8}
 47012 | Vaults:4 | Learned a level 1 spell: Apportation
 47014 | Vaults:5 | Entered Level 5 of the Vaults
 47193 | Vaults:5 | Noticed a golden dragon
 47207 | Vaults:5 | Killed a golden dragon
 47503 | Vaults:5 | Noticed a golden dragon
 47521 | Vaults:5 | Killed a golden dragon
 47522 | Vaults:5 | Reached XP level 24. HP: 102/176 MP: 35/35
 47822 | Vaults:5 | Reached skill level 10 in Axes
 47865 | Vaults:5 | Got the Grimoire of Stormy Assaults
 47995 | Vaults:5 | Identified the +3 mace of Overwhelming Force {flame, Str+2}
 48050 | Vaults:5 | Identified the ring "Haefepo" {rPois rF+ rN+ Dex+3 Slay-2}
 48323 | Vaults:5 | Identified the +7 halberd of Reruoqer {flame, rElec Int-2
                  | Dex+4 SInv}
 48326 | Vaults:5 | Noticed a dread lich
 48334 | Vaults:5 | Killed a dread lich
 48361 | Vaults:5 | Reached skill level 26 in Fighting
 48437 | Vaults:5 | Found the +12 pair of quick blades "Gyre" and "Gimble"
                  | {protect}
 48457 | Vaults:5 | Got the Papyrus of Dislocated Anemomancy
 48487 | Vaults:5 | Identified the +3 leather armour "Kowoo" {rN++}
 48607 | Vaults:5 | Identified the +0 flail of the Desolation of Salt
                  | {antimagic, Fly Int+2}
 48917 | Vaults:5 | Identified the staff of cold "Kackic" {rF+ rC+ Dex-4 SInv}
 49137 | Vaults:5 | Got a silver rune of Zot
 49366 | Depths:4 | Noticed Vv
 49380 | Depths:4 | Killed Vv
 50074 | Depths:4 | Killed Grunn
 50715 | Depths:4 | Killed a caustic shrike
 50718 | Depths:4 | Killed a caustic shrike
 50988 | Depths:3 | Killed a caustic shrike
 50995 | Depths:3 | Killed a caustic shrike
 51295 | Depths:4 | Reached XP level 25. HP: 185/185 MP: 35/35
 51334 | Depths:4 | Found a runed translucent door.
 51346 | Depths:4 | Found a runed translucent door.
 51350 | Depths:4 | Found a runed translucent door.
 51372 | Depths:4 | Found a gate to the Realm of Zot.
 51418 | Depths:4 | Found a runed translucent door.
 51445 | Depths:4 | Found a runed translucent door.
 51524 | Depths:4 | Found a runed translucent door.
 52250 | Zot:1    | Entered Level 1 of the Realm of Zot
 52568 | Depths:4 | Reached skill level 27 in Fighting
 56137 | Zot:3    | Noticed a Killer Klown
 56148 | Zot:3    | Killed a Killer Klown
 56403 | Zot:3    | Identified the +7 double sword of Temperance {freeze,
                  | Str+2}
 56635 | Zot:3    | Identified the +5 double sword of Anof {freeze, rN++}
 56697 | Zot:3    | Got the Grimoire of Solid Lava
 57327 | Zot:4    | Reached XP level 26. HP: 192/193 MP: 37/37
 57328 | Zot:4    | Identified the +1 broad axe "Orb Guardian's Curse" {spect,
                  | Drain rPois rC+++ Will-}
 58552 | Zot:5    | Entered Level 5 of the Realm of Zot
 59529 | Zot:5    | Noticed an ancient lich
 59538 | Zot:5    | Killed an ancient lich
 59541 | Zot:5    | Noticed a Killer Klown
 59562 | Zot:5    | Noticed an orb of fire
 59566 | Zot:5    | Noticed an orb of fire
 59566 | Zot:5    | Noticed an orb of fire
 59566 | Zot:5    | Noticed an orb of fire
 59576 | Zot:5    | Gained mutation: You sometimes lose your temper in combat.
                  | [an orb of fire]
 59589 | Zot:4    | Killed a Killer Klown
 59894 | Zot:5    | Gained mutation: You have hidden genetic defects. [an orb
                  | of fire]
 59902 | Zot:4    | Gained mutation: You have an uncontrollable temper. [an orb
                  | of fire]
 59910 | Zot:4    | Gained mutation: Your magical capacity is low. (-10% MP)
                  | [an orb of fire]
 59911 | Zot:4    | Killed an orb of fire
 60011 | Zot:5    | Noticed an orb of fire
 60023 | Zot:4    | Gained mutation: You are vulnerable to heat. (rF-) [an orb
                  | of fire]
 60024 | Zot:4    | Gained mutation: Your magical capacity is very low. (-20%
                  | MP) [an orb of fire]
 60029 | Zot:4    | Gained mutation: You occasionally shout uncontrollably at
                  | your foes. [an orb of fire]
 60032 | Zot:4    | Killed an orb of fire
 60255 | Zot:5    | Noticed an orb of fire
 60256 | Zot:5    | Gained mutation: You are very vulnerable to heat. (rF--)
                  | [an orb of fire]
 60260 | Zot:5    | Killed from afar by an orb of fire

Illustrated notes

Levels and vault maps discovered:
D:1:      dpeg_arrival_pits, layout_basic, serial_forest,
          infiniplex_forest_lined_room_2, infiniplex_forest_lined_3,
          infiniplex_forest_end_3, infiniplex_forest_side_room
D:2:      layout_basic, ebering_ecumenical_altar_webs, nicolae_half_adder
D:3:      layout_loops_corners, mainiacjoe_overflow_cross_hatched,
          ebering_ghost_disaster_area, uniq_sigmund, uniq_grinder
D:4:      layout_loops_ring, serial_shops, nicolae_shop_statue_plus,
          uniq_edmund, uniq_natasha
D:5:      layout_cave_pools, grunt_temple_overflow_forces_of_nature,
          nicolae_tso_besieged_by_evil, serial_shops, nicolae_diamond_shop,
          uniq_duvessa
D:6:      minmay_evil_eye, layout_loops_corners, xom_confusion_cloud,
          makhleb_heckhound_becter, overflow_temple_1_default,
          mainiacjoe_overflow_boulevard, grunt_dithmenos_smoke,
          trog_three_pillars_becter, gammafunk_ghost_grave,
          minmay_misc_feat_doors, uniq_blork_the_orc
D:7:      layout_basic, pdpol_wu_jian_five_deadly_venoms,
          minmay_temple_entry_stoned_glass
D:8:      layout_basic, serial_shops, nicolae_take_the_stairs,
          nicolae_shop_window_shopping, nicolae_lakefront_shop, shop,
          nicolae_diamond_shop, nzn_ghost_randoct, nzn_random_ring, uniq_psyche
D:9:      layout_roguey, tgw_sif, okawaru_humans, minmay_statue_crystal_thing
D:10:     layout_cave_pools, nicolae_uskayaw_suspiria, elyvilon_altar_1,
          grunt_lair_entry_orc_guard_hut, enter_bailey_4, uniq_nergalle,
          uniq_snorg
D:11:     minmay_the_grid_square_5x5_4x4
          [minmay_the_grid_square_5x5_intrusive_squares,
          minmay_the_grid_square_5x5_sharp_hourglass,
          minmay_the_grid_square_5x5_comb,
          minmay_the_grid_square_5x5_hollow_slash,
          minmay_the_grid_square_5x5_tie, minmay_the_grid_square_5x5_prize_open,
          minmay_the_grid_square_5x5_prize_waves,
          minmay_the_grid_square_5x5_checkered,
          minmay_the_grid_square_5x5_bracketed,
          minmay_the_grid_square_5x5_prize_pseudospiral,
          minmay_the_grid_square_5x5_prize_junk,
          minmay_the_grid_square_5x5_inner_i, minmay_the_grid_square_5x5_v,
          minmay_the_grid_square_5x5_bite,
          minmay_the_grid_square_5x5_tetrominoes,
          minmay_the_grid_square_5x5_lines], layout_layer_cave, uniq_urug
D:12:     layout_long_grid, david_orc_3, grunt_ministairs_14, uniq_sonja
D:13:     layout_stronghold, erik_vaults_2, nicolae_trove_entry_columns,
          serial_rivers, chequers_serial_rivers_room_b,
          chequers_serial_rivers_micro_d, chequers_serial_rivers_small_b,
          chequers_serial_rivers_micro_e, chequers_serial_rivers_small_3,
          uniq_jorgrun
D:14:     nicolae_cairo_tiling_large_dashed, layout_rooms,
          minmay_fractal_squares_5
D:15:     grunt_enter_depths_magical_seal, layout_basic,
          gammafunk_ghost_wrathful_warriors, nrook_mini_vaults, uniq_kirke,
          uniq_rupert
Temple:   nicolae_temple_great_sept
Lair:1:   layout_chaotic_city
Lair:2:   layout_loops_ring, nicolae_spider_entry_lesser_pyramids,
          grunt_megastairs_4
Lair:3:   layout_regular_city, palyth_hydra_swamp_entry,
          nicolae_volcano_entry_s_turn, gauntlet_entry_generic,
          infiniplex_staircase_pool, uniq_nessos, uniq_josephine
Lair:4:   layout_cave_pods, minmay_slime_entry_pillars, gammafunk_ghost_grave,
          beast_lair_carwin_6
Lair:5:   hellmonk_lair_end_abyssal_woods, layout_small_grid, wad_woods_01,
          serial_bayou_shore_b, grunt_megastairs_1
Swamp:1:  nicolae_swamp_standing_stones, layout_falls_marsh,
          evilmike_swamp_ruin_house_3
Swamp:2:  layout_basic_swamp, nicolae_swamp_triple_paths
Swamp:3:  layout_basic_swamp, serial_swamp_ruin, evilmike_swamp_ruin_house_1,
          hangedman_swamp_ruin_wall, evilmike_swamp_ruin_wall, uniq_louise
Swamp:4:  nzn_swamp_witches_coven, layout_basic_swamp,
          portal_ice_cave_entry_ice_simulacra, grunt_lady_of_the_lake
Spider:1: layout_cave_pods, special_room [special_room_bee]
Spider:2: layout_spider_delve, nicolae_spider_cling_halls
Spider:3: layout_spider_delve, special_room, hangedman_spider_tarantella_strand
Spider:4: spider_rune_water
Orc:1:    layout_diamond_mine
Orc:2:    st_orc_congregation, layout_diamond_mine, serial_shops,
          nicolae_shop_rolling_square
Vaults:1: kb_rosetta, nicolae_vaults_storage_closets_3, vaults_room_corners,
          nicolae_vaults_windows_and_doors_thing,
          nicolae_vaults_border_crossing, vaults_dpeg_cross,
          nicolae_vaults_closet_pinwheel_4, v_misc_17,
          hangedman_vaults_river_flow, nicolae_vaults_trapezoid_1,
          nicolae_vaults_double_plus_1, layout_vaults_omnicross, uniq_donald,
          uniq_nikola
Vaults:2: minmay_crypt_entry_simple_walls, v_misc_12, nicolae_vaults_turnstiles,
          v_misc_8, nicolae_vaults_big_ls, ontoclasm_vaults_decontamination,
          nicolae_vaults_wine_cellar, nicolae_vaults_enemy_cabinets, v_misc_2,
          layout_vaults_omnigrid
Vaults:3: hangedman_vaults_stagger, hangedman_vaults_slither,
          nicolae_vaults_frosty_reception, v_misc_15, v_misc_8, v_misc_24,
          ontoclasm_vaults_shuriken, hangedman_vaults_slice,
          nicolae_vaults_sightless_eye, ontoclasm_vaults_idyll,
          nicolae_vaults_apartment_1, layout_vaults_omnibox, uniq_margery,
          uniq_asterion
Vaults:4: nicolae_vaults_cornered_office, v_misc_25,
          ontoclasm_vaults_loading_screen, nicolae_vaults_specimen_jars,
          ontoclasm_vaults_fault, v_rooms_4, nicolae_vaults_shelves_hall,
          nicolae_vaults_variable_pillar_hall, nicolae_vaults_house_1,
          nicolae_vaults_doubleplus_tesselated, v_misc_28, v_misc_16,
          layout_vaults_big_room
Vaults:5
Depths:1: layout_cross, abyss_entry, grunt_metal_band, rand_demon_pan_entry_5,
          serial_sigils_hangedman_snap, minmay_misc_feat_iff, st_stairs_1,
          dispersion_dpeg
Depths:2: cell_vault, layout_basic, enter_ziggurat_c, hell_entry,
          interstate_on_off, grunt_pan_entry_sceptre
Depths:3: hangedman_box_tower, layout_honeycomb, hellmouth_1,
          abyss_entry_flame_altar, rand_demon_pan_entry_7,
          chequers_serial_rivers_small_b, kennysheep_generic_room_5
Depths:4: evilmike_zot_entry_castle, layout_basic, pan_entry, abyss_entry,
          dk_noncrumbling_3, hell_entry, chequers_big_river, uniq_vv, uniq_grunn
Zot:1:    layout_basic
Zot:2:    layout_twisted_circle
Zot:3:    layout_gridlike, nicolae_rock_paper_scissors
Zot:4:    layout_basic, st_single_dragon_hoard_3
Zot:5:    layout_cathedral_of_symmetry, guppyfry_library_mini

Skill      XL: |  1  2  3  4  5  6  7  8  9 10 11 12 13 14 15 16 17 18 19 20 21 22 23 24 25 26 |
---------------+-------------------------------------------------------------------------------+-----
Maces & Flails | 3 5 6 7 9 11 13 14 16 | 16.0
Fighting       | 4 5 6 7 10 12 14 16 18 20 21 23 24 25 26 27 | 27.0
Armour         | 4 5 6 8 9 10 12 13 14 16 17 18 20 | 20.0
Dodging        | 1 2 3 4 5 |  5.0
Shields        | 4 5 6 7 8 10 11 12 14 15 16 17 18 | 18.8
Invocations    | 4 5 7 8 11 13 15 16 17 20 21 | 21.0
Ranged Weapons | 1 |  1.3
Long Blades    | 1 |  1.1
Earth Magic    | 1 6 8 |  8.0
Translocations | 1 4 6 |  6.0
Spellcasting   | 1 4 6 8 |  8.0
Hexes          | 5 6 |  6.0
Axes           | 4 6 8 9 11 12 13 | 13.0
Short Blades   | |  0.1
Polearms       | |  0.6
Conjurations   | |  0.1
Summonings     | |  0.5
Necromancy     | |  0.1
Transmutations | |  0.2
Fire Magic     | |  0.6
Ice Magic      | |  0.3
Air Magic      | |  0.4
Poison Magic   | |  0.9

Action                     |  1- 3 |  4- 6 |  7- 9 | 10-12 | 13-15 | 16-18 | 19-21 | 22-24 | 25-27 || total
---------------------------+-------+-------+-------+-------+-------+-------+-------+-------+-------++-------
  Melee: Flail             |    82 |   143 |   109 |       |       |       |       |       |       ||   334
         Unarmed           |       |     4 |       |       |       |       |       |       |       ||     4
         Morningstar       |       |       |   254 |   559 |  1265 |       |       |       |       ||  2078
         Eveningstar       |       |       |       |       |    52 |  1418 |  1448 |  1691 |   857 ||  5466
  Throw: Dart              |       |     3 |       |       |       |     3 |       |       |       ||     6
 Invoke: Divine Shield     |       |       |       |     1 |       |     1 |       |       |     1 ||     3
         Cleansing Flame   |       |       |       |       |     2 |    17 |     5 |     9 |    16 ||    49
         Brand Weapon With |       |       |       |       |       |       |     1 |       |       ||     1
         Summon Divine War |       |       |       |       |       |       |       |       |     1 ||     1
  Evoke: Wand              |       |       |     2 |       |       |     2 |     1 |       |       ||     5
    Use: Scroll            |     1 |     5 |    11 |    12 |    10 |    11 |    16 |    13 |    11 ||    90
         Potion            |       |       |     3 |     2 |     3 |     4 |     9 |     7 |     1 ||    29
 Armour: Scale mail        |    71 |    64 |    84 |       |       |       |       |       |       ||   219
         Skin              |       |     2 |       |     1 |       |       |       |       |       ||     3
         Chain mail        |       |       |    63 |    47 |   697 |   785 |       |       |       ||  1592
         Plate armour      |       |       |       |   161 |       |   205 |   874 |       |       ||  1240
         Crystal plate arm |       |       |       |   139 |    89 |       |       |       |       ||   228
         Gold dragon scale |       |       |       |       |       |       |   191 |  1345 |   787 ||  2323
  Dodge: Dodged            |    45 |    65 |   205 |   331 |   678 |   443 |   481 |   467 |   199 ||  2914
  Block: Buckler           |    18 |    11 |    70 |   186 |   415 |   472 |   523 |   561 |    17 ||  2273
         Reflection        |       |       |       |       |       |       |     1 |    43 |    18 ||    62
         Kite shield       |       |       |       |       |       |       |       |       |   474 ||   474
